 Dungeon Crawl Stone Soup version 0.21.0-3-g78d12a8 (webtiles) character file.

50557 Mgcat the Severer (level 14, -3/134 (135) HPs)
             Began as a Minotaur Berserker on Jan 12, 2018.
             Was an Elder of Trog.
             Slain by a dire elephant (6 damage)
             ... on level 6 of the Lair of Beasts.
             The game lasted 01:01:08 (21160 turns).

Mgcat the Severer (Minotaur Berserker)             Turns: 21160, Time: 01:01:09

HP:   -3/134 (135)  AC: 18    Str: 22    XL:     14   Next: 20%
MP:   16/16         EV:  8    Int:  7    God:    Trog [****..]
Gold: 1181          SH:  5    Dex: 15    Spells: 13/13 levels left

rFire    + . .     SeeInvis .   H - +2 battleaxe
rCold    + . .     Gourm    .   (shield currently unavailable)
rNeg     . . .     Faith    .   W - +2 plate armour {rPois}
rPois    +         Spirit   .   l - +0 hat {Int+3}
rElec    .         Reflect  +   s - scarf {cloud immunity}
rCorr    .         Harm     .   (no gloves)
MR       +++..                  (no boots)
Stlth    ..........             r - +5 amulet of reflection
HPRegen  1.32/turn              o - ring of protection from cold
MPRegen  0.15/turn              x - ring of protection from fire

@: berserk cooldown, regenerating, hasted and slowed, studying Shields
A: retaliatory headbutt, horns 2
a: Berserk, Trog's Hand, Brothers in Arms, Burn Spellbooks, Renounce Religion


You were on level 6 of the Lair of Beasts.
You worshipped Trog.
Trog was greatly pleased with you.
You were very hungry.

You visited 2 branches of the dungeon, and saw 17 of its levels.
You also visited: Labyrinth.

You collected 1181 gold pieces.

Inventory:

Hand Weapons
 H - a +2 battleaxe (weapon)
 I - a +5 flail
Armour
 a - the +6 large shield of the Ward {rElec Regen+ rCorr Str-4}
   (You found it on level 2 of the Lair of Beasts)

   It affects your strength (-4).
   It insulates you from electricity.
   It increases your rate of regeneration.
   It protects you from acid and corrosion.
 i - a +2 chain mail of cold resistance
 l - a +0 hat of intelligence (worn)
 s - a scarf of cloud immunity (worn)
 V - +1 ice dragon scales
 W - a +2 plate armour of poison resistance (worn)
 X - the +4 scale mail "Seot" {rPois rF- rC+++ MR-}
   (You found it on level 6 of the Lair of Beasts)

   It makes you vulnerable to fire.
   It renders you almost immune to cold.
   It protects you from poison.
   It affects your resistance to hostile enchantments.
Jewellery
 h - an uncursed ring of resist corrosion
 o - a ring of protection from cold (left hand)
 r - a +5 amulet of reflection (around neck)
 x - a ring of protection from fire (right hand)
 L - an uncursed ring of flight
 N - an uncursed ring of fire
 Q - an uncursed amulet of the gourmand
 T - an uncursed ring of poison resistance
 Z - an uncursed ring of see invisible
Wands
 d - a wand of flame (56)
 v - a wand of random effects (38)
 z - a wand of iceblast (10)
 D - a wand of disintegration (21)
 J - a wand of clouds (7)
 K - a wand of polymorph (36)
Scrolls
 f - 8 scrolls of teleportation
 n - 6 scrolls of identify
 t - a scroll of acquirement {unknown}
 y - 10 scrolls of remove curse
 A - 3 scrolls of enchant armour
 C - a scroll of immolation {unknown}
 E - a scroll of enchant weapon
 G - a scroll of fog
 M - a scroll of magic mapping
 O - a scroll of vulnerability {unknown}
 R - 3 scrolls of random uselessness {unknown}
 S - a scroll of fear {unknown}
 Y - a scroll of brand weapon {unknown}
Potions
 e - 3 potions of resistance
 g - 9 potions of curing
 j - a potion of cancellation {unknown}
 m - a potion of lignification {unknown}
 p - 3 potions of agility {unknown}
 q - 4 potions of haste
 u - 3 potions of flight
 w - 2 potions of might {unknown}
 B - 3 potions of mutation
 F - a potion of magic {unknown}
 P - 4 potions of heal wounds {unknown}
Books
 b - a manual of Shields
 U - a book of Debilitation

   Spells                             Type                      Level
   a - Corona                         Hexes                        1
   b - Slow                           Hexes                        2
   c - Inner Flame                    Hexes/Fire                   3
   d - Portal Projectile              Hexes/Translocation          3
   e - Cause Fear                     Hexes                        4
   f - Leda's Liquefaction            Hexes/Earth                  4
   Trog disapproves of the use of such an item.
Comestibles
 c - 31 rations
 k - 2 chunks of flesh


   Skills:
 + Level 15.2 Fighting
 + Level 17.6 Axes
 + Level 15.0 Armour
 - Level 2.1 Dodging
 + Level 9.9 Shields
 + Level 4.1 Evocations


You had 13 spell levels left.
You didn't know any spells.

Dungeon Overview and Level Annotations

Branches:
Dungeon (11/15)            Temple (0/1) D:6            Lair (6/6) D:10
  Swamp (0/4) Lair:4       Spider (0/4) Lair:4        Slime (0/5) Lair:5
    Orc (0/2) D:10

Altars:
Dithmenos
Elyvilon
Gozag
Nemelex Xobeh
Yredelemnul
Zin
Jiyva

Annotations:
Lair:1 exclusion: oklob plant
Lair:3 exclusion: 2 oklob plants
Lair:4 exclusion: 2 oklob plants


Innate Abilities, Weirdness & Mutations

You reflexively headbutt those who attack you in melee.
You have a pair of horns on your head.


Message History

You hit the dire elephant but do no damage.
The dire elephant is severely wounded.
You hit the dire elephant. The dire elephant tramples you.
You stumble backwards!
The dire elephant barely misses you. You furiously retaliate!
You headbutt the dire elephant!!
The dire elephant trunk-slaps you but does no damage.
You fail to use your ability.
The dire elephant tramples you!!
You stumble backwards!
Okay, then.
You hit the dire elephant but do no damage.
The dire elephant is moderately wounded.
You feel yourself speed up. The dire elephant tramples you!!
* * * LOW HITPOINT WARNING * * *
You stumble backwards!
The dire elephant tramples you!
* * * LOW HITPOINT WARNING * * *
You hold your ground!
The dire elephant barely misses you. The dire elephant tramples you!!
* * * LOW HITPOINT WARNING * * *
You hold your ground!
The dire elephant trunk-slaps you.
You die...

..........♣#...#####...##
..#P.#..#.♣#...'..8#....#
.#######...######..'...##
...# #.#..♣# #...8#....#
..######....♣ #.#####..##
..##P##.....♣##.#..'..##
.##.........♣#..#..'.##
............##.##..#.#
.####P.....###.#@Y.###
.## ####..♣#...#8Y8# .P#
#..##.####'## ..#
#..#..#≈...## ..##
#..#.##≈≈≈÷.# .#.#
##.#.#≈≈≈≈≈≈# ..###
###.#.#.≈≈≈≈≈#
..#.###.#.#.##.≈≈≈##
.....#.#..#.####''#*


You could see 2 dire elephants.

Vanquished Creatures
  A minotaur (Lab)
  8 hydras
  A catoblepas (Lair:6)
  An anaconda (Lair:6)
  6 two-headed ogres
  Sonja (D:11)
  An unseen horror (D:11)
  Pikel (D:6)
  3 ugly things
  13 elephants (Lair:6)
  3 black mambas
  4 spiny frogs
  3 centaur skeletons
  2 kobold demonologists (D:11)
  3 rime drakes
  6 komodo dragons
  2 hellwings (D:7)
  A troll (D:9)
  A merfolk (D:10)
  2 polar bears
  11 blink frogs (Lair:6)
  A meliai zombie (D:7)
  A shadow (D:11)
  Sigmund (D:5)
  14 hippogriffs
  2 redbacks (Lab)
  A spriggan (Lair:3)
  3 wyverns
  45 yaks
  4 basilisks
  Menkaure (D:7)
  The ghost of ThereIsNoGod the Stinger, an amateur OpVM (D:3)
  8 porcupines
  9 water moccasins
  A slave (D:6)
  7 ice beasts
  9 orc warriors
  A sky beast (D:6)
  A swamp drake (D:10)
  2 black bears
  A phantom (D:11)
  4 necrophages
  6 ogres
  7 wolves
  10 centaurs
  15 crocodiles
  A big kobold (D:11)
  13 bullfrogs
  A wyvern zombie (D:7)
  A water moccasin zombie (D:10)
  3 scorpions
  9 killer bees
  10 wights
  3 electric eels
  A howler monkey (D:10)
  4 crimson imps
  A jelly (D:6)
  5 centaur zombies
  6 hounds
  2 bullfrog zombies (D:6)
  A quasit (D:8)
  Crazy Yiuf (D:7)
  12 orc priests
  A bullfrog skeleton (D:9)
  A gnoll shaman (D:6)
  3 iguanas
  5 worker ants
  13 orc wizards
  2 hound skeletons
  A worker ant zombie (D:5)
  10 gnolls
  10 adders
  8 shadow imps
  An ooze (D:2)
  An adder zombie (D:9)
  An adder skeleton (D:7)
  3 worms
  A dart slug (D:3)
  9 leopard geckos
  44 orcs
  6 giant cockroaches
  9 hobgoblins
  9 jackals
  13 kobolds
  5 quokkas
  2 ball pythons
  10 bats
  5 frilled lizards
  3 goblins
  A jackal skeleton (D:7)
  3 quokka zombies
  10 rats
  5 fungi
  4 plants
502 creatures vanquished.

Vanquished Creatures (others)
  A slave (D:6)
  2 orc wizards (D:6)
  2 orcs (D:6)
  A quokka (D:6)
  15 fungi
  11 plants
32 creatures vanquished.

Grand Total: 534 creatures vanquished

Notes
Turn   | Place    | Note
-------+----------+-------------------------------------------
     0 | D:1      | Mgcat the Minotaur Berserker began the quest for the Orb.
     0 | D:1      | Reached XP level 1. HP: 19/19 MP: 0/0
   210 | D:1      | Reached skill level 4 in Axes
   257 | D:1      | Reached XP level 2. HP: 26/26 MP: 1/1
   936 | D:2      | Reached skill level 5 in Axes
   983 | D:2      | Reached XP level 3. HP: 23/31 MP: 2/2
  1300 | D:2      | Reached ** piety under Trog
  1725 | D:3      | Reached XP level 4. HP: 39/39 MP: 3/3
  1733 | D:3      | Reached skill level 6 in Axes
  1885 | D:3      | Found an opulent altar of Gozag.
  2049 | D:3      | Noticed ThereIsNoGod's ghost (amateur OpVM)
  2056 | D:3      | Killed ThereIsNoGod's ghost
  2056 | D:3      | Reached skill level 7 in Axes
  2056 | D:3      | Reached XP level 5. HP: 45/45 MP: 4/4
  2092 | D:3      | Reached skill level 8 in Axes
  2163 | D:3      | Reached XP level 6. HP: 51/51 MP: 5/5
  2677 | D:4      | Noticed an ice beast
  2687 | D:4      | Killed an ice beast
  2796 | D:4      | Reached skill level 9 in Axes
  3240 | D:5      | Entered Level 5 of the Dungeon
  3265 | D:5      | Reached *** piety under Trog
  3365 | D:5      | Found a sparkling altar of Nemelex Xobeh.
  3384 | D:5      | Reached XP level 7. HP: 56/57 MP: 6/6
  3416 | D:5      | Noticed Sigmund
  3426 | D:5      | Killed Sigmund
  3426 | D:5      | Received a gift from Trog
  3426 | D:5      | Reached skill level 10 in Axes
  3543 | D:5      | Found a shadowy altar of Dithmenos.
  3544 | D:5      | Found a basalt altar of Yredelemnul.
  3742 | D:6      | Reached skill level 11 in Axes
  3783 | D:6      | Found a staircase to the Ecumenical Temple.
  3794 | D:6      | Reached XP level 8. HP: 64/64 MP: 7/7
  3803 | D:6      | Noticed Pikel
  3811 | D:6      | Killed Pikel
  3811 | D:6      | Reached skill level 12 in Axes
  3854 | D:6      | Reached skill level 13 in Axes
  4178 | D:6      | Noticed a two-headed ogre
  4192 | D:6      | Killed a two-headed ogre
  4192 | D:6      | Reached skill level 14 in Axes
  4192 | D:6      | Reached XP level 9. HP: 49/70 MP: 8/8
  4593 | D:6      | Reached skill level 15 in Axes
  5330 | D:7      | Found a runed door.
  5380 | D:7      | Noticed Menkaure
  5391 | D:7      | Killed Menkaure
  5391 | D:7      | Reached skill level 16 in Axes
  5445 | D:7      | Found a white marble altar of Elyvilon.
  5525 | D:7      | Noticed a hellwing
  5530 | D:7      | Noticed a hellwing
  5552 | D:7      | Killed a hellwing
  5556 | D:7      | Reached XP level 10. HP: 80/80 MP: 9/9
  5576 | D:7      | Reached skill level 5 in Fighting
  5588 | D:7      | Reached skill level 5 in Armour
  5591 | D:7      | HP: 4/83 [meliai zombie (5)]
  6171 | D:7      | Noticed Crazy Yiuf
  6174 | D:7      | Killed Crazy Yiuf
  6303 | D:8      | Noticed a two-headed ogre
  6337 | D:8      | Killed a two-headed ogre
  6486 | D:8      | Noticed a two-headed ogre
  6492 | D:8      | Killed a two-headed ogre
  6546 | D:8      | Noticed a two-headed ogre
  6559 | D:8      | Killed a two-headed ogre
  6559 | D:8      | Reached XP level 11. HP: 97/97 MP: 10/10
  6981 | D:8      | Reached **** piety under Trog
  7219 | D:8      | Found a sparkling altar of Nemelex Xobeh.
  7733 | D:9      | Reached skill level 10 in Fighting
  8214 | D:9      | Found a sparkling altar of Nemelex Xobeh.
  8355 | D:10     | Entered Level 10 of the Dungeon
  8358 | D:10     | Reached skill level 10 in Armour
  8630 | D:10     | Noticed a two-headed ogre
  8643 | D:10     | Killed a two-headed ogre
  8768 | D:10     | Noticed a two-headed ogre
  8780 | D:10     | Killed a two-headed ogre
  8953 | D:10     | Reached ***** piety under Trog
  9197 | D:10     | Found a staircase to the Lair.
  9654 | D:10     | Found a staircase to the Orcish Mines.
  9906 | D:11     | Found a glowing silver altar of Zin.
  9906 | D:11     | Noticed a brown ugly thing
  9913 | D:10     | Killed a brown ugly thing
  9983 | D:11     | Noticed a green ugly thing
  9989 | D:10     | Killed a green ugly thing
 10031 | D:11     | Reached XP level 12. HP: 95/111 MP: 11/11
 10233 | D:11     | Noticed Sonja
 10309 | D:11     | Killed Sonja
 11288 | Lair:1   | Entered Level 1 of the Lair of Beasts
 11368 | Lair:1   | Noticed a five-headed hydra
 11616 | Lair:1   | Killed a five-headed hydra
 11688 | Lair:1   | Noticed a six-headed hydra
 11696 | Lair:1   | Killed a six-headed hydra
 13349 | Lair:2   | Noticed a seven-headed hydra
 13357 | Lair:2   | Killed a seven-headed hydra
 13507 | Lair:2   | Got a heavily runed large shield
 13512 | Lair:2   | Identified the +6 large shield of the Ward {rElec Regen+ rCorr Str-4} (You found it on level 2 of the Lair of Beasts)
 13893 | Lair:3   | Noticed a six-headed hydra
 13902 | Lair:3   | Killed a six-headed hydra
 13902 | Lair:3   | Reached skill level 1 in Shields
 14541 | Lair:3   | Reached XP level 13. HP: 98/123 MP: 12/12
 15219 | Lair:4   | Found a hole to the Spider Nest.
 15713 | Lair:4   | Reached skill level 5 in Shields
 16392 | Lair:4   | Found a staircase to the Swamp.
 16724 | Lair:5   | Found a viscous altar of Jiyva.
 16724 | Lair:5   | Found a staircase to the Slime Pits.
 16828 | Lair:5   | Reached skill level 17 in Axes
 16828 | Lair:5   | Reached skill level 1 in Evocations
 17855 | Lair:6   | Entered Level 6 of the Lair of Beasts
 18306 | Lair:6   | Found a labyrinth entrance.
 18322 | Lab      | Entered a labyrinth
 19475 | Lab      | Noticed a minotaur
 19484 | Lab      | Killed a minotaur
 19677 | Lair:6   | Reached skill level 15 in Fighting
 19896 | Lair:6   | Reached XP level 14. HP: 131/134 MP: 15/15
 20202 | Lair:6   | Got a pearl-encrusted scale mail
 20924 | Lair:6   | Reached skill level 15 in Armour
 20949 | Lair:6   | Identified the +4 scale mail "Seot" {rPois rF- rC+++ MR-} (You found it on level 6 of the Lair of Beasts)
 21160 | Lair:6   | HP: 3/134 [dire elephant (24)]
 21160 | Lair:6   | Slain by a dire elephant

Skill      XL: |  1  2  3  4  5  6  7  8  9 10 11 12 13 14 |
---------------+-------------------------------------------+-----
Axes           | 4 5 7 8 9 11 14 16 17 | 17.6
Fighting       | 4 9 12 14 15 | 15.2
Armour         | 3 8 11 13 14 15 | 15.0
Shields        | 2 9 |  9.9
Evocations     | 3 4 |  4.1
Dodging        | |  2.1

Action                   |  1- 3 |  4- 6 |  7- 9 | 10-12 | 13-15 || total
-------------------------+-------+-------+-------+-------+-------++-------
Melee: Hand axe          |   101 |    78 |       |       |       ||   179
       Headbutt          |    12 |    23 |    43 |   148 |   120 ||   346
       Spear             |       |    36 |       |       |       ||    36
       War axe           |       |    12 |   172 |    94 |       ||   278
       Battleaxe         |       |       |       |   391 |   343 ||   734
       Flail             |       |       |       |   123 |    51 ||   174
Invok: Trog's Hand       |       |     3 |     7 |    24 |    16 ||    50
       Berserk           |       |     3 |     7 |    17 |    14 ||    41
       Burn Spellbooks   |       |       |       |     2 |     1 ||     3
  Use: Scroll            |       |     5 |     5 |     7 |     1 ||    18
       Potion            |       |       |       |       |     1 ||     1
  Eat: Chunk             |     2 |     9 |    15 |    38 |    29 ||    93
       Ration            |       |       |       |     5 |     3 ||     8
Armor: Animal skin       |     8 |       |       |       |       ||     8
       Chain mail        |    36 |    56 |    59 |   303 |   131 ||   585
       Plate armour      |       |       |       |       |    86 ||    86
Dodge: Dodged            |    59 |    42 |    46 |   231 |   157 ||   535
Block: Other             |       |    12 |    26 |   143 |    98 ||   279
       Reflection        |       |       |       |     6 |       ||     6
